 Dungeon Crawl Stone Soup version 0.23-a0-444-g76343ca (webtiles) character file.

13 CanOfBees the Firebug (level 2, 0/16 HPs)
             Began as a Tengu Fire Elementalist on Nov 16, 2018.
             Slain by a gnoll (3 damage)
             ... on level 1 of the Dungeon.
             The game lasted 00:01:29 (893 turns).

CanOfBees the Firebug (Tengu Fire Elementalist)      Turns: 893, Time: 00:01:29

Health: 0/16       AC:  2    Str:  8    XL:     2   Next: 37%
Magic:  1/6        EV: 12    Int: 15    God:
Gold:   0          SH:  0    Dex: 14    Spells: 2/5 levels left

rFire    . . .     SeeInvis .   g - +0 spear
rCold    . . .     Gourm    .   (no shield)
rNeg     . . .     Faith    .   a - +0 robe
rPois    .         Spirit   .   (helmet restricted)
rElec    .         Reflect  .   (no cloak)
rCorr    .         Harm     .   (no gloves)
MR       .....                  (boots unavailable)
Stlth    ++........             (no amulet)
HPRegen  0.05/turn              (no ring)
MPRegen  0.10/turn              (no ring)

@: no status effects
A: beak, talons 3
a: no special abilities


You were on level 1 of the Dungeon.
You were not hungry.

You visited 1 branch of the dungeon, and saw 1 of its levels.

Inventory:

Hand Weapons
 g - a +0 spear (weapon)
Missiles
 e - 26 stones (quivered)
Armour
 a - a +0 robe (worn)
Jewellery
 f - an uncursed ring of magical power {unknown}
Scrolls
 b - a scroll of remove curse {unknown}
 j - a scroll of identify {unknown}
Potions
 d - a potion of curing {unknown}
 i - a potion of ambrosia {unknown}
Comestibles
 c - 2 rations
 h - 3 chunks of flesh


   Skills:
 + Level 0.6 Fighting
 - Level 2.1 Dodging
 - Level 2.0 Stealth
 + Level 2.1 Spellcasting
 + Level 1.8 Conjurations
 * Level 3.6 Fire Magic


You had 2 spell levels left.
You knew the following spells:

 Your Spells              Type           Power        Failure   Level  Hunger
a - Flame Tongue          Conj/Fire      #....        7%          1    #......
b - Throw Flame           Conj/Fire      #.....       11%         2    ###....

Your spell library contained the following spells:

 Spells                   Type           Power        Failure   Level  Hunger
 Conjure Flame            Conj/Fire      #.......     22%         3    ###....
 Inner Flame              Hex/Fire       #.......     30%         3    ###....
 Sticky Flame             Conj/Fire      #.......     56%         4    #####..
 Fireball                 Conj/Fire      #.........   89%         5    ######.


Dungeon Overview and Level Annotations

Branches:
Dungeon (1/15)

Altars:


Innate Abilities, Weirdness & Mutations

You have a beak for a mouth.
You have claws for feet.


Message History

Aim: a gnoll (almost dead)
The flame tongue misses the gnoll.
The flame tongue hits the hobgoblin.
The hobgoblin appears unharmed.
The gnoll barely misses you.
Casting: Flame Tongue (safe; 7% risk of failure)
Confirm with . or Enter, or press ? or * to list all spells.
You don't have enough magic to cast that spell.
Throwing (i - inventory)
e - 26 stones (quivered)
Press: ? - help, Shift-Dir - straight line, f/p - gnoll
Aim: a gnoll (almost dead)
Okay, then.
You hit the gnoll but do no damage.
The gnoll is almost dead.
The gnoll misses you.
You barely miss the gnoll. Your peck misses the gnoll.
The gnoll is almost dead.
The gnoll closely misses you.
You hit the gnoll but do no damage.
The gnoll is almost dead.
The gnoll hits you.
You die...

# ##................#
# #.###.#####...###.#
# #.# #.## ##.## .# #
##.###..## #.# .# #
#......#.####.# #
#.#...........# #
#.......>###### #
####.#......########.#
.....#.)........@ggl.#
###########.#######..#
#.......# ..#
#.####### ..# #.# g##
#.# .# ## #.# l. ...##
#.# .. ......# #.#
.......#


You could see a gnoll, a hobgoblin and a frilled lizard.

Vanquished Creatures
  2 giant cockroaches (D:1)
  3 goblins (D:1)
  3 hobgoblins (D:1)
  A ball python (D:1)
  A bat (D:1)
  A kobold (D:1)
11 creatures vanquished.

Notes
Turn   | Place    | Note
-------+----------+-------------------------------------------
     0 | D:1      | CanOfBees the Tengu Fire Elementalist began the quest for
                  | the Orb.
     0 | D:1      | Reached XP level 1. HP: 10/10 MP: 4/4
   362 | D:1      | Reached XP level 2. HP: 10/16 MP: 0/6
   764 | D:1      | Learned a level 2 spell: Throw Flame
   893 | D:1      | Slain by a gnoll

Vault maps used:
D:1:      dpeg_cavernosity

Action                   || total
-------------------------++-------
Melee: Spear             ||    19
       Kick              ||     5
       Peck              ||     1
Throw: Stone             ||    19
 Cast: Flame Tongue      ||    14
       Throw Flame       ||     1
Armor: Robe              ||     1
Dodge: Dodged            ||    15

Table legend:
 A = Non-vault XP
 B = Vault XP
 C = Vault XP percentage of total XP
 D = Non-vault monster count
 E = Vault monster count
 F = Vault count percentage of total count
                 A         B        C        D         E       F
            +---------+---------+-------+---------+---------+-------
      Total |      19 |       0 |   0.0 |      11 |       0 |   0.0
            +---------+---------+-------+---------+---------+-------
        D:1 |      19 |       0 |   0.0 |      11 |       0 |   0.0
            +---------+---------+-------+---------+---------+-------
